 Dungeon Crawl Stone Soup version 0.21-a0-225-g207ae17 (webtiles) character file.

168 Goblin1989 the Skirmisher (level 5, 0/42 HPs)
             Began as a Demonspawn Monk on Aug 28, 2017.
             Was a Believer of Kikubaaqudgha.
             Succumbed to an adder's poison
             ... on level 3 of the Dungeon.
             The game lasted 00:09:14 (3893 turns).

Goblin1989 the Skirmisher (Demonspawn Monk)         Turns: 3893, Time: 00:09:16

Health: 0/42       AC:  2    Str: 17    XL:     5   Next: 24%
Magic:  4/5        EV: 13    Int: 14    God:    Kikubaaqudgha [**....]
Gold:   169        SH:  0    Dex: 15    Spells: 4/4 levels left

rFire    . . .     SeeInvis .     - Unarmed
rCold    . . .     Gourm    .   (no shield)
rNeg     . . .     Faith    .   b - +0 robe
rPois    .         Spirit   +   (no helmet)
rElec    .         Reflect  .   (no cloak)
rCorr    .         Harm     .   (no gloves)
MR       .....                  (no boots)
Stlth    ++........             k - amulet of guardian spirit
HPRegen  0.14/turn              n - +2 ring of intelligence
MPRegen  0.09/turn              (no ring)

@: mighty, lethally poisoned (0 -> -3)
A: claws 1, sturdy frame 1
a: Receive Corpses, Renounce Religion


You were on level 3 of the Dungeon.
You worshipped Kikubaaqudgha.
Kikubaaqudgha was pleased with you.
You were hungry.

You visited 1 branch of the dungeon, and saw 3 of its levels.

You collected 169 gold pieces.

Inventory:

Hand Weapons
 L - a +0 hunting sling
 M - a +3 flail of protection
Missiles
 l - 100 stones (quivered)
 s - 14 poisoned needles
 F - 7 javelins
Armour
 b - a +0 robe (worn)
 q - a +0 plate armour
 J - a +2 pair of gloves
Jewellery
 k - an amulet of guardian spirit (around neck)
 n - a +2 ring of intelligence (left claw)
Wands
 I - a wand of iceblast (12/15)
Scrolls
 j - 3 scrolls of recharging {unknown}
 w - 6 scrolls of identify {unknown}
 G - 2 scrolls of remove curse {@r2}
Potions
 m - 2 potions of brilliance
Books
 u - Kikubaaqudgha's Reference Book on Stolen Souls {god gift}
   (Kikubaaqudgha gifted it to you on level 2 of the Dungeon)

   Spells                             Type                      Level
   a - Pain                           Necromancy                   1
   b - Corpse Rot                     Necromancy                   2
   c - Sublimation of Blood           Necromancy                   2
   d - Vampiric Draining              Necromancy                   3
   e - Control Undead                 Necromancy                   4
 H - a book of the Dragon

   Spells                             Type                      Level
   a - Flame Tongue                   Conjuration/Fire             1
   b - Cause Fear                     Hexes                        4
   c - Bolt of Fire                   Conjuration/Fire             6
   d - Dragon Form                    Transmutation                7
   e - Dragon's Call                  Summoning                    9
Comestibles
 e - 4 bread rations {@e1}
 v - 2 meat rations {@e2}
 N - 3 fruits
 O - 12 chunks of flesh


   Skills:
 + Level 4.2 Fighting
 - Level 2.6 Maces & Flails
 + Level 3.1 Dodging
 - Level 1.7 Stealth
 * Level 3.2 Unarmed Combat


You had 4 spell levels left.
You didn't know any spells.

Dungeon Overview and Level Annotations

Branches:
Dungeon (3/15)

Altars:
Kikubaaqudgha
Uskayaw


Innate Abilities, Weirdness & Mutations

You have sharp fingernails.
Your movements are slightly less encumbered by armour. (ER -2)


Message History

You are too injured to fight recklessly!
You are too injured to fight recklessly!
You are too injured to fight recklessly!
You are too injured to fight recklessly!
You are too injured to fight recklessly!
You are too injured to fight recklessly!
You are too injured to fight recklessly!
You are too injured to fight recklessly!
You are too injured to fight recklessly!
You are too injured to fight recklessly!
You are too injured to fight recklessly!
You are too injured to fight recklessly!
You are too injured to fight recklessly!
You are too injured to fight recklessly!
You are too injured to fight recklessly!
You are too injured to fight recklessly!
You are too injured to fight recklessly!
You are too injured to fight recklessly!
You are too injured to fight recklessly!
You are too injured to fight recklessly!
You miss the adder.
The adder is severely wounded.
You feel sick. The adder bites you.
* * * LOW HITPOINT WARNING * * *
The adder closely misses you.
You take 5 damage, and have 16/42 hp.
You now have 4/5 mp.
You scratch the adder.
The adder is severely wounded.
You feel sick. The adder bites you.
* * * LOW HITPOINT WARNING * * *
You are lethally poisoned!
The adder poisons you!
You take 4 damage, and have 12/42 hp.
You now have 3/5 mp.
You scratch the adder.
You kill the adder!
Kikubaaqudgha accepts your kill.
* * * LOW HITPOINT WARNING * * *
You feel sick.
You take 1 damage, and have 11/42 hp.
Unknown command.
It was a potion of might.
You feel very mighty all of a sudden.
* * * LOW HITPOINT WARNING * * *
You feel sick.
* * * LOW HITPOINT WARNING * * *
You feel sick.
You see here an adder corpse.
You take 1 damage, and have 10/42 hp.
You open the door.
* * * LOW HITPOINT WARNING * * *
You feel sick.
You take 1 damage, and have 9/42 hp.
* * * LOW HITPOINT WARNING * * *
You feel sick.
There is an open door here.
You take 2 damage, and have 7/42 hp.
* * * LOW HITPOINT WARNING * * *
You feel sick.
You take 1 damage, and have 6/42 hp.
* * * LOW HITPOINT WARNING * * *
You feel sick.
You see here a scroll labeled BYSHOH XUFELU.
You take 1 damage, and have 5/42 hp.
j - 3 scrolls labeled BYSHOH XUFELU (gained 1)
* * * LOW HITPOINT WARNING * * *
You feel sick.
As you read the scroll labeled BAPOUP ONEO, it crumbles to dust.
It is a scroll of enchant armour.
Your pair of glowing gloves glows green for a moment.
* * * LOW HITPOINT WARNING * * *
You feel sick.
You take 1 damage, and have 4/42 hp.
As you read the scroll labeled BOAPRO OLOPS, it crumbles to dust.
You feel aware of your surroundings.
It was a scroll of magic mapping.
* * * LOW HITPOINT WARNING * * *
You feel sick.
You take 1 damage, and have 3/42 hp.
As you read the scroll labeled IFYUSA XEDAJO, it crumbles to dust.
You feel strangely unstable.
It was a scroll of teleportation.
As you read the scroll labeled JALEQO ANURIMP, it crumbles to dust.
The air around you briefly surges with heat, but it dissipates.
It was a scroll of immolation.
* * * LOW HITPOINT WARNING * * *
You feel sick.
You take 1 damage, and have 2/42 hp.
As you read the scroll labeled KIYFREEFYX, it crumbles to dust.
It is a scroll of enchant weapon.
Your flail of protection glows red for a moment.
Your surroundings suddenly seem different.
As you read the scroll labeled ZINUGU AM LEDA, it crumbles to dust.
You feel blessed for a moment.
It was a scroll of remove curse.
* * * LOW HITPOINT WARNING * * *
You feel sick.
You take 1 damage, and have 1/42 hp.
Unknown command.
* * * LOW HITPOINT WARNING * * *
You feel sick.
A goblin comes into view.
You die...
Kikubaaqudgha rasps: "You have failed me!
Welcome... death!"

▓····▓█....████▲█...███.█
▓····▓███...............█
▓····▓ █............██████
▓····▓ █..........█.<.....
▓····▓ █..........█.█████.
▓····▓ █..........█..████.
▓··..████..................
▓··.............██.██..███.
▓··.......@.....██.███.██▓·
▓··.............██·▓ █..█▓·
▓··.............█▓·▓ ██.██▓
▓▓▓█g............█·▓ █..█
███.██..█████.█.█▓▓██.██
█......··▓▓.█....██..█
███████▓·▓▓.█.........
▓·▓▓▓▓▓·▓▓·.......█..
▓·······▓▓▓██...███..


You could see a goblin (sleeping).

Vanquished Creatures
  An orc wizard (D:3)
  6 adders
  2 oozes
  5 dart slugs
  3 leopard geckos (D:2)
  4 orcs (D:3)
  4 ball pythons
  7 bats
  5 giant cockroaches
  7 goblins
  5 hobgoblins
  3 jackals (D:3)
  5 kobolds
  3 frilled lizards
  7 rats
67 creatures vanquished.

Notes
Turn   | Place    | Note
-------+----------+-------------------------------------------
     0 | D:1      | Goblin1989 the Demonspawn Monk began the quest for the Orb.
     0 | D:1      | Reached XP level 1. HP: 18/18 MP: 1/1
   209 | D:1      | Gained mutation: You have sharp fingernails. [demonic ancestry]
   209 | D:1      | Reached XP level 2. HP: 24/24 MP: 2/2
   521 | D:1      | Reached skill level 1 in Unarmed Combat
  1094 | D:2      | Reached XP level 3. HP: 18/29 MP: 1/3
  1113 | D:2      | Found an ancient bone altar of Kikubaaqudgha.
  1123 | D:2      | Became a worshipper of Kikubaaqudgha
  1123 | D:2      | Reached * piety under Kikubaaqudgha
  1123 | D:2      | Identified Kikubaaqudgha's Reference Book on Stolen Souls {god gift} (Kikubaaqudgha gifted it to you on level 2 of the Dungeon)
  1123 | D:2      | Received a gift from Kikubaaqudgha
  1123 | D:2      | Reached ** piety under Kikubaaqudgha
  1975 | D:2      | Gained mutation: Your movements are slightly less encumbered by armour. (ER -2) [demonic ancestry]
  1975 | D:2      | Reached XP level 4. HP: 37/37 MP: 4/4
  2207 | D:2      | Found a hide-covered altar of Uskayaw.
  3054 | D:3      | Reached skill level 4 in Fighting
  3488 | D:3      | Reached XP level 5. HP: 41/42 MP: 5/5
  3887 | D:3      | HP: 2/42 [poisoned by an adder]
  3893 | D:3      | Succumbed to an adder's poison

Vault maps used:
D:1:      nagdon_arrival_zigzag_paths
D:2:      kiku_gazebo_garden_becter, overflow_temple_1_default, first_bread
D:3:      minmay_cupped

Skill      XL: |  1  2  3  4 |
---------------+-------------+-----
Unarmed Combat | 1 2 3 |  3.2
Dodging        | 3 |  3.1
Fighting       | 4 |  4.2
Maces & Flails | |  2.6
Stealth        | |  1.7

Action                   |  1- 3 |  4- 6 || total
-------------------------+-------+-------++-------
Melee: Mace              |   108 |    39 ||   147
       Punch             |     1 |     3 ||     4
       Unarmed           |       |   107 ||   107
  Use: Potion            |       |     5 ||     5
       Scroll            |       |     6 ||     6
 Stab: Sleeping          |     2 |     3 ||     5
  Eat: Chunk             |     3 |     6 ||     9
Armor: Robe              |    30 |    26 ||    56
Dodge: Dodged            |   112 |    96 ||   208

Table legend:
 A = Spawn XP
 B = Non-spawn XP
 C = Spawn XP percentage of total XP
 D = Spawn monster count
 E = Non-spawn monster count
 F = Spawn count percentage of total count
 G = Total turns spent on level
                    A         B        C        D         E        F      G
               +---------+---------+-------+---------+---------+-------+---------
         Total |      17 |     224 |   7.1 |       8 |      59 |  11.9 |  3893
               +---------+---------+-------+---------+---------+-------+---------
           D:1 |       2 |      36 |   5.3 |       1 |      18 |   5.3 |  1068
           D:2 |      12 |      87 |  12.1 |       6 |      20 |  23.1 |  1664
           D:3 |       3 |     101 |   2.9 |       1 |      21 |   4.5 |  1161
               +---------+---------+-------+---------+---------+-------+---------

Vault maps used:
D:1:      nagdon_arrival_zigzag_paths
D:2:      kiku_gazebo_garden_becter, overflow_temple_1_default, first_bread
D:3:      minmay_cupped
